 Dungeon Crawl Stone Soup version 0.20.0-1-g1cb1d84 (webtiles) character file.

2028 Esekla the Ducker (level 9, -2/41 HPs)
             Began as a Spriggan Conjurer on May 27, 2017.
             Slain by Grinder (6 damage)
             ... while paralysed by Grinder
             ... on level 5 of the Dungeon.
             The game lasted 01:32:28 (6857 turns).

Esekla the Ducker (Spriggan Conjurer)               Turns: 6857, Time: 01:32:29

Health: -2/41      AC:  5    Str:  4    XL:     9   Next: 3%
Magic:  28/29      EV:  4    Int: 20    God:
Gold:   252        SH:  0    Dex: 16    Spells: 3/21 levels left

rFire    . . .     SeeInvis +   j - +0 dagger
rCold    . . .     Gourm    .   (shield restricted)
rNeg     . . .     Faith    .   k - +0 robe
rPois    .         Spirit   .   (helmet restricted)
rElec    .         Reflect  .   m - +2 cloak {+Inv}
rCorr    .         Harm     .   (gloves unavailable)
MR       +....                  (boots unavailable)
Stlth    +++.......             (no amulet)
Regen    0.2/turn               f - ring of magical power
MPRegen  0.3/turn               y - +5 ring of slaying

@: paralysed, very quick
A: unfitting armour, see invisible, herbivore 3, speed 3, slow metabolism 2
a: Evoke Invisibility


You were on level 5 of the Dungeon.
You were not hungry.

You visited 2 branches of the dungeon, and saw 7 of its levels.
You also visited: Sewer.

You collected 252 gold pieces.

Inventory:

Hand Weapons
 e - a +2 dagger of draining
 i - a +0 hunting sling
 j - a +0 dagger (weapon)
Missiles
 o - 126 stones (quivered)
 s - 13 sling bullets
 E - 2 tomahawks
Armour
 k - a +0 robe (worn)
 m - a +2 cloak of invisibility (worn)
 L - a +0 buckler
Jewellery
 f - a ring of magical power (left hand)
 p - an uncursed ring of protection from fire
 y - a +5 ring of slaying (right hand)
 J - an uncursed ring of protection from cold
Wands
 d - a wand of digging (24/24)
 F - a wand of confusion (19/48)
 H - a wand of random effects (38/48)
 K - a wand of polymorph (16/24)
Scrolls
 a - 2 scrolls of recharging
 g - a scroll of teleportation
 l - a scroll of remove curse
 q - 3 scrolls of fog {unknown}
 t - 2 scrolls of identify
 u - 2 scrolls of blinking
 w - a scroll of noise {unknown}
 x - 2 scrolls of fear {unknown}
 z - a scroll of magic mapping {unknown}
 M - a scroll of enchant armour {unknown}
Potions
 h - 2 potions of lignification
 n - a potion of heal wounds
 v - a potion of invisibility {unknown}
 A - a potion of magic {unknown}
 B - 2 potions of curing
 C - a potion of degeneration {unknown}
 G - 2 potions of agility {unknown}
 I - a potion of flight {unknown}
Books
 b - a book of Conjurations

   Spells                             Type                      Level
   a - Magic Dart                     Conjuration                  1
   b - Searing Ray                    Conjuration                  2
   c - Dazzling Spray                 Conjuration/Hexes            3
   d - Fulminant Prism                Conjuration/Hexes            4
   e - Force Lance                    Conjuration/Translocation    4
   f - Iskenderun's Mystic Blast      Conjuration                  4
Comestibles
 c - 3 bread rations


   Skills:
 + Level 1.4 Fighting
 * Level 5.6 Short Blades
 + Level 7.5 Dodging
 - Level 5.3 Stealth
 + Level 6.7 Spellcasting
 + Level 5.2 Conjurations
 * Level 4.4 Hexes


You had 3 spell levels left.
You knew the following spells:

 Your Spells              Type           Power        Failure   Level  Hunger
a - Magic Dart            Conj           ####         1%          1    None
b - Searing Ray           Conj           ####..       1%          2    None
c - Iskenderun's Mystic   Conj           ####....     11%         4    ###....
d - Dazzling Spray        Conj/Hex       ####..       4%          3    #......
e - Fulminant Prism       Conj/Hex       ####......   13%         4    ###....
f - Force Lance           Conj/Tloc      ###.....     32%         4    ###....


Dungeon Overview and Level Annotations

Branches:
Dungeon (6/15)             Temple (1/1) D:5

Altars:
Elyvilon
Fedhas
Gozag
Hepliaklqana
Kikubaaqudgha
Makhleb
Qazlal
Ru
Xom
Yredelemnul
Lugonu

Shops:
D:5 *

Annotations:
D:4 loser178's ghost, novice BaHu
D:5 Grinder


Innate Abilities, Weirdness & Mutations

You are very small and have problems with some larger weapons.
You are too small for most types of armour.
You have supernaturally acute eyesight. (SInv)
You are a herbivore.
You cover ground extremely quickly.
You need consume almost no food.


Message History

The spray of energy hits Grinder.
Grinder is lightly wounded.
Grinder is dazzled.
Grinder completely misses you.
You closely miss Grinder.
Grinder is lightly wounded.
Grinder completely misses you.
You hit Grinder.
Grinder is lightly wounded.
You completely miss Grinder.
Grinder is lightly wounded.
Grinder gestures at you.
You suddenly lose the ability to move!
Grinder hits you. x2
You writhe in agony.
Grinder hits you!
You writhe in agony.
Grinder barely misses you.
Grinder is no longer blind.
Grinder hits you! x2
* * * LOW HITPOINT WARNING * * *
You writhe in agony.
You die...

#.....####..# #_....#
#...# ###...###...#
#### #.....##....#
#...
#.....#.....###..#
###+#'###.............
#...#...#...........⌠.
#.......#.............
###..@####...#####...≈
#.....5.#..### #...≈
#.......#..# #...≈
############ #...≈
#.... ##... #... ####


You could see Grinder.

Vanquished Creatures
  Pikel (D:4)
  Eustachio (D:5)
  An orc warrior (D:6)
  A sky beast (D:6)
  Duvessa (D:5)
  A slave (D:4)
  2 phantoms
  A centaur (D:4)
  Blork the orc (D:5)
  3 bullfrogs
  Dowan (D:5)
  A centaur zombie (D:4)
  Crazy Yiuf (D:4)
  3 orc priests
  3 orc wizards
  An iguana (D:4)
  2 worker ants
  3 gnolls (D:2)
  10 adders
  A shadow imp (D:6)
  6 oozes
  A worm (D:3)
  3 dart slugs
  17 leopard geckos
  22 orcs
  12 giant cockroaches
  5 goblins
  10 hobgoblins
  7 jackals
  10 ball pythons
  5 bats
  22 frilled lizards
  5 kobolds
  8 rats
172 creatures vanquished.

Vanquished Creatures (others)
  A fulminant prism (D:6)
1 creature vanquished.

Grand Total: 173 creatures vanquished

Notes
Turn   | Place    | Note
-------+----------+-------------------------------------------
     0 | D:1      | Esekla the Spriggan Conjurer began the quest for the Orb.
     0 | D:1      | Reached XP level 1. HP: 9/9 MP: 5/5
   519 | D:2      | Reached XP level 2. HP: 13/13 MP: 6/6
   527 | D:2      | Learned a level 2 spell: Searing Ray
   800 | D:4      | Noticed loser178's ghost (novice BaHu)
   842 | D:4      | Reached skill level 1 in Short Blades
   877 | D:4      | Noticed a bullfrog
  1016 | D:4      | Reached XP level 3. HP: 10/16 MP: 8/8
  1065 | D:4      | Noticed a centaur
  1077 | D:4      | Killed a centaur
  1077 | D:4      | Reached XP level 4. HP: 14/21 MP: 10/10
  1140 | D:4      | Noticed a phantom
  1180 | D:4      | Reached XP level 5. HP: 22/24 MP: 11/11
  1227 | D:4      | Found a glowing drain.
  1238 | Sewer    | Entered a sewer
  1693 | Sewer    | Reached skill level 4 in Dodging
  2073 | Sewer    | Learned a level 4 spell: Iskenderun's Mystic Blast
  2077 | Sewer    | Learned a level 3 spell: Dazzling Spray
  2252 | Sewer    | Reached XP level 6. HP: 28/28 MP: 13/13
  2349 | Sewer    | Reached skill level 5 in Dodging
  2578 | D:4      | Reached skill level 5 in Stealth
  2641 | D:5      | Entered Level 5 of the Dungeon
  2641 | D:5      | Noticed Duvessa
  2641 | D:5      | Noticed Dowan
  2711 | D:4      | Reached skill level 1 in Hexes
  2711 | D:4      | Reached XP level 7. HP: 31/32 MP: 15/15
  2743 | D:5      | Noticed Pikel
  2853 | D:5      | Noticed Eustachio
  3099 | D:4      | Reached skill level 5 in Spellcasting
  3129 | D:4      | Found a runed door.
  3189 | D:4      | Noticed Crazy Yiuf
  3193 | D:4      | Killed Crazy Yiuf
  3264 | D:3      | Found an opulent altar of Gozag.
  4178 | D:2      | Found a burning altar of Makhleb.
  4475 | D:2      | Learned a level 4 spell: Fulminant Prism
  5119 | D:3      | Reached skill level 6 in Dodging
  5745 | D:4      | Killed Pikel
  5745 | D:4      | Reached XP level 8. HP: 22/37 MP: 1/18
  5943 | D:5      | Noticed Blork the orc
  5952 | D:5      | Killed Blork the orc
  5960 | D:5      | Found an ancient bone altar of Kikubaaqudgha.
  5983 | D:5      | Killed Eustachio
  5983 | D:5      | Reached skill level 1 in Fighting
  5983 | D:5      | Reached skill level 7 in Dodging
  6235 | D:5      | Found a staircase to the Ecumenical Temple.
  6261 | D:5      | Killed Dowan
  6261 | D:5      | Reached skill level 5 in Short Blades
  6288 | D:5      | Killed Duvessa
  6288 | D:5      | Reached skill level 5 in Conjurations
  6311 | Temple   | Entered the Ecumenical Temple
  6390 | Temple   | Learned a level 4 spell: Force Lance
  6534 | D:6      | Reached XP level 9. HP: 29/41 MP: 1/20
  6704 | D:5      | Found Bugiomu's Assorted Antiques.
  6725 | D:5      | Found a sacrificial altar of Ru.
  6846 | D:5      | Noticed Grinder
  6851 | D:5      | Paralysed by Grinder for 6 turns
  6857 | D:5      | Slain by Grinder

Skill      XL: |  1  2  3  4  5  6  7  8 |
---------------+-------------------------+-----
Conjurations   | 3 4 5 |  5.2
Spellcasting   | 3 4 6 |  6.7
Short Blades   | 1 2 4 5 |  5.6
Stealth        | 4 5 |  5.3
Dodging        | 4 5 6 7 |  7.5
Hexes          | 1 3 4 |  4.4
Fighting       | 1 |  1.4

Action                   |  1- 3 |  4- 6 |  7- 9 || total
-------------------------+-------+-------+-------++-------
Melee: Hand axe          |    25 |       |       ||    25
       Dagger            |    21 |    65 |   200 ||   286
Throw: Stone             |       |    12 |    10 ||    22
       Tomahawk          |       |       |     2 ||     2
 Cast: Magic Dart        |    15 |    63 |    61 ||   139
       Searing Ray       |     3 |    18 |    24 ||    45
       Dazzling Spray    |       |       |     9 ||     9
       Fulminant Prism   |       |       |     1 ||     1
  Use: Scroll            |       |     2 |     5 ||     7
       Potion            |       |       |     1 ||     1
 Stab: Sleeping          |     4 |     2 |    16 ||    22
       Invisible         |       |       |     5 ||     5
  Eat: Bread ration      |       |       |     1 ||     1
       Royal jelly       |       |       |     1 ||     1
Armor: Robe              |     5 |     9 |    22 ||    36
Dodge: Dodged            |    55 |    85 |   208 ||   348
